 Dungeon Crawl Stone Soup version 0.24.0-35-gdb84b6a5db (webtiles) character file.

Game seed: 10565007293714589452, levelgen mode: deterministic

1591 Nattfarinn the Transmogrifier (level 8, -2/68 HPs)
             Began as a Troll Transmuter on Nov 20, 2019.
             Killed by nerve-wracking pain
             ... invoked by an orc priest
              (12 damage)
             ... on level 6 of the Dungeon.
             The game lasted 00:10:01 (4373 turns).

Nattfarinn the Transmogrifier (Troll Transmuter)    Turns: 4373, Time: 00:10:03

Health: -2/68      AC:  7    Str: 24    XL:     8   Next: 61%
Magic:  8/8        EV: 10    Int: 11    God:
Gold:   263        SH:  0    Dex: 14    Spells: 8/9 levels left

rFire    + . .     SeeInvis .   y - +0 war axe of Ascent {chop, rPois rF+ Dex+4} (curse)
rCold    . . .     Gourm    +   (no shield)
rNeg     . . .     Faith    .   b - +0 robe
rPois    +         Spirit   .   (helmet restricted)
rElec    .         Reflect  .   v - +0 cloak
rCorr    .         Harm     .   (gloves unavailable)
MR       .....                  (boots unavailable)
Stlth    +.........             u - amulet of the acrobat
HPRegen  0.61/turn              (no ring)
MPRegen  0.11/turn              (no ring)

@: mighty
A: large, unfitting armour, claws 3, fast metabolism 3, gourmand, regeneration
1, shaggy fur 1, tough skin 3
a: no special abilities


You were on level 6 of the Dungeon.
You were very full.

You visited 1 branch of the dungeon, and saw 6 of its levels.

You collected 263 gold pieces.

Inventory:

Hand Weapons
 y - the cursed +0 war axe of Ascent (weapon) {chop, rPois rF+ Dex+4}
   (You found it on level 4 of the Dungeon)

   It inflicts extra damage upon your enemies.
   It affects your dexterity (+4).
   It protects you from fire.
   It protects you from poison.
   It has a curse placed upon it.
Missiles
 a - 113 arrows
Armour
 b - a +0 robe (worn)
 v - a +0 cloak (worn)
Jewellery
 u - an amulet of the acrobat (around neck)
Wands
 c - a wand of acid (9)
Scrolls
 g - 8 scrolls of remove curse {unknown}
 h - 8 scrolls of identify {unknown}
 m - 4 scrolls of enchant armour {unknown}
 p - 2 scrolls of amnesia {unknown}
 r - a scroll of fog {unknown}
 s - a scroll of magic mapping {unknown}
 t - a scroll of random uselessness {unknown}
 x - a scroll of blinking {unknown}
 z - a scroll of teleportation {unknown}
 A - a scroll of enchant weapon {unknown}
Potions
 e - a potion of ambrosia {unknown}
 f - 2 potions of invisibility {unknown}
 i - a potion of might
 j - a potion of cancellation
 k - a potion of magic {unknown}
 l - a potion of flight {unknown}
 n - a potion of haste {unknown}
 o - 4 potions of curing {unknown}
Comestibles
 d - 11 rations


   Skills:
 - Level 0.7 Fighting
 - Level 1.5 Dodging
 - Level 3.8 Unarmed Combat
 - Level 1.2 Spellcasting
 * Level 8.3 Transmutations


You had 8 spell levels left.
You knew the following spells:

 Your Spells              Type           Power        Failure   Level  Hunger
a - Beastly Appendage     Tmut           ###...       1%          1    ##.....

Your spell library contained the following spells:

 Spells                   Type           Power        Failure   Level  Hunger
 Sticks to Snakes         Tmut           ###.....     1%          2    ###....
 Spider Form              Tmut/Pois      #.........   17%         3    ####...
 Blade Hands              Tmut           ###.......   28%         5    ######.
 Ice Form                 Ice/Tmut       #.......     50%         4    #####..


Dungeon Overview and Level Annotations

Branches:
Dungeon (6/15)
 Temple: D:4-7

Altars:
Fedhas
Qazlal
The Shining One

Annotations:
D:2 1 runed translucent door, Crazy Yiuf


Innate Abilities, Weirdness & Mutations

You are too large for most types of armour.
You have claws for hands.
Your metabolism is lightning-fast.
You like to eat raw meat.
Your natural rate of healing is unusually fast.
You are covered in fur. (AC +1)
You have extremely tough skin. (AC +3)


Message History

You feel very mighty all of a sudden.
The orc warrior hits you but does no damage.
An orc comes into view.
You hit the orc warrior.
The orc warrior is almost dead.
The orc warrior barely misses you.
The orc priest casts a cantrip, but nothing happens.
You closely miss the orc warrior.
The orc warrior is almost dead.
The orc warrior hits you but does no damage.
The orc warrior barely misses you.
You hit the orc warrior.
You kill the orc warrior!
You closely miss the orc priest.
The orc priest calls down the wrath of Beogh upon you.
Beogh smites you!
* * * LOW HITPOINT WARNING * * *
The orc priest invokes the aid of Beogh against you.
Pain shoots through your body!
You die...

#.#...#.##.#
#.#.##.#...#
####.#>###.####
#....#.# #.#
#.####.# #.#
#.# #.# #.# ###
#.# #.# #.# #.#
#@# #.# #o# #.#
#l# #o# ... ###


You could see an orc priest, an orc and a leopard gecko.

Vanquished Creatures
  Sigmund (D:4)
  An orc warrior (D:6)
  A black bear (D:5)
  An ogre (D:6)
  2 centaurs (D:5)
  2 bullfrogs (D:6)
  A gnoll sergeant (D:4)
  A crimson imp (D:6)
  3 hounds
  3 orc priests (D:4)
  Ijyb (D:3)
  3 iguanas
  2 orc wizards
  Natasha (thrice) (D:3)
  3 worker ants (D:4)
  A killer bee zombie (D:6)
  A howler monkey zombie (D:5)
  7 adders
  5 gnolls
  A howler monkey skeleton (D:6)
  A shadow imp (D:5)
  An ooze (D:3)
  An adder skeleton (D:5)
  3 worms
  6 dart slugs
  5 leopard geckos
  18 orcs
  6 bats
  6 giant cockroaches
  11 goblins
  7 hobgoblins
  4 jackals (D:2)
  7 quokkas
  4 frilled lizards
  A giant cockroach zombie (D:5)
  A jackal skeleton (D:4)
  11 kobolds
  10 rats
146 creatures vanquished.

Notes
Turn   | Place    | Note
-------+----------+-------------------------------------------
     0 | D:1      | Nattfarinn the Troll Transmuter began the quest for the
                  | Orb.
     0 | D:1      | Reached XP level 1. HP: 18/18 MP: 1/1
    72 | D:1      | Reached XP level 2. HP: 23/26 MP: 2/2
   155 | D:1      | Reached skill level 2 in Transmutations
   415 | D:1      | Reached XP level 3. HP: 32/32 MP: 3/3
   773 | D:2      | Found a blossoming altar of Fedhas.
   832 | D:2      | Reached XP level 4. HP: 40/40 MP: 4/4
   984 | D:2      | Found a runed translucent door.
   985 | D:2      | Noticed Crazy Yiuf
  1135 | D:2      | Reached skill level 3 in Transmutations
  1536 | D:3      | Noticed Natasha
  1560 | D:3      | Killed Natasha
  1560 | D:3      | Reached XP level 5. HP: 22/46 MP: 5/5
  1763 | D:3      | Noticed Natasha
  1787 | D:3      | Killed Natasha
  1806 | D:3      | Reached skill level 4 in Transmutations
  1835 | D:3      | Noticed Natasha
  1847 | D:3      | Killed Natasha
  1874 | D:3      | Noticed Ijyb
  1907 | D:3      | Killed Ijyb
  1907 | D:3      | Reached XP level 6. HP: 14/54 MP: 6/6
  2419 | D:4      | Reached skill level 5 in Transmutations
  2694 | D:4      | Reached XP level 7. HP: 26/61 MP: 7/7
  2947 | D:4      | Noticed Sigmund
  2974 | D:4      | Killed Sigmund
  2974 | D:4      | Reached skill level 6 in Transmutations
  3080 | D:4      | Got an encrusted war axe
  3081 | D:4      | Identified the cursed +0 war axe of Ascent {chop, rPois rF+
                  | Dex+4} (You found it on level 4 of the Dungeon)
  3309 | D:5      | Entered Level 5 of the Dungeon
  3374 | D:5      | Found a stormy altar of Qazlal.
  3530 | D:5      | Reached skill level 7 in Transmutations
  3530 | D:5      | Reached XP level 8. HP: 34/68 MP: 8/8
  4190 | D:6      | Reached skill level 8 in Transmutations
  4285 | D:6      | Found a glowing golden altar of the Shining One.
  4373 | D:6      | Killed from afar by an orc priest

Levels and vault maps discovered:
D:1:      grunt_arrival_crossed_arrows, layout_basic
D:2:      layout_loops_ring, fedhas_altar_3, uniq_crazy_yiuf_cottage
D:3:      layout_rooms, hangedman_decor_growths, uniq_ijyb, uniq_natasha
D:4:      cheibrodos_pilgrimage, layout_loops_cross, uniq_sigmund
D:5:      layout_loops_ring, first_ration, grunt_qazlal_sundering
D:6:      lemuel_slime, layout_loops_ring, basic_altar, uniq_menkaure

Skill      XL: |  1  2  3  4  5  6  7  8 |
---------------+-------------------------+-----
Transmutations | 2 3 4 5 7 8 |  8.3
Fighting       | |  0.7
Dodging        | |  1.5
Unarmed Combat | |  3.8
Spellcasting   | |  1.2

Action                   |  1- 3 |  4- 6 |  7- 9 || total
-------------------------+-------+-------+-------++-------
Melee: Unarmed           |   103 |   221 |    60 ||   384
       Punch             |     1 |     2 |     6 ||     9
       War axe           |       |       |   133 ||   133
  Use: Potion            |       |     5 |     2 ||     7
 Stab: Sleeping          |       |     1 |     2 ||     3
  Eat: Chunk             |    13 |    17 |    16 ||    46
Armor: Robe              |    41 |    56 |    89 ||   186
       Skin              |       |    25 |       ||    25
Dodge: Dodged            |    59 |   126 |   118 ||   303
